 Dungeon Crawl Stone Soup version 0.22-a0-423-g4197694 (webtiles) character file.

21974 emperorscorpion the Grappler (level 12, -22/91 HPs)
             Began as a Black Draconian Transmuter on May 23, 2018.
             Was a High Priest of Sif Muna.
             Killed from afar by a wretched star (31 damage)
             ... with an orb of energy
             ... on level 2 of the Abyss.
             The game lasted 00:53:32 (20120 turns).

emperorscorpion the Grappler (DrTm)                Turns: 20120, Time: 00:53:33

Health: -22/91     AC: 16    Str: 15      XL:     12   Next: 58%
Magic:  4/25       EV: 15    Int: 18      God:    Sif Muna [*****.]
Gold:   1180       SH:  0    Dex: 12 (13) Spells: 6/29 levels left

rFire    . . .     SeeInvis .     - Unarmed
rCold    . . .     Gourm    .   (shield currently unavailable)
rNeg     . . .     Faith    .   (armour unavailable)
rPois    .         Spirit   .   (helmet restricted)
rElec    +         Reflect  .   y - +2 cloak
rCorr    .         Harm     .   (gloves currently unavailable)
MR       .....                  (no boots)
Stlth    +++.......             m - amulet of magic regeneration
HPRegen  0.25/turn              l - +5 ring of protection
MPRegen  0.44/turn              L - +3 ring of intelligence

@: lethally poisoned (-22 -> -24), about to teleport, blade hands (expiring),
very slightly contaminated, drained
A: breathe lightning, unfitting armour, electricity resistance, cold-blooded, AC
+8
a: Breathe Lightning, End Transformation, Divine Energy, Channel Magic, Forget
Spell, Renounce Religion


You were on level 2 of the Abyss.
You worshipped Sif Muna.
Sif Muna was extremely pleased with you.
You were not hungry.
You had blades for hands.
You visited 1 branch of the dungeon, and saw 13 of its levels.
You visited the Abyss 1 time.
You also visited: Ossuary and Bailey.

You collected 1460 gold pieces.
You spent 280 gold pieces at shops.

Inventory:

Hand Weapons
 u - a +0 blowgun
 W - the +0 glaive of Wyrd {flame, +Inv rElec Str-2}
   (You found it on level 2 of the Abyss)

   It has been specially enchanted to burn those struck by it, causing extra
   injury to most foes and up to half again as much damage against particularly
   susceptible opponents.
   Big, fiery blades are also staple armaments of hydra-hunters.
   It affects your strength (-2).
   It insulates you from electricity.
   It lets you turn invisible.
Missiles
 a - 232 arrows
 h - 3 throwing nets (quivered)
 v - 41 poisoned needles
 A - 46 tomahawks of returning
Armour
 t - a +0 pair of gloves (melded)
 y - a +2 cloak (worn)
 K - a +0 buckler
Jewellery
 l - a +5 ring of protection (left scythe-like blade)
 m - an amulet of magic regeneration (around neck)
 p - an uncursed ring of flight
 r - an uncursed ring of teleportation
 w - an uncursed ring of protection from magic
 I - a +3 ring of intelligence
 L - a +3 ring of intelligence (right scythe-like blade)
 O - an uncursed ring of protection from magic
 Q - an uncursed ring of stealth
Wands
 k - a wand of digging (36)
 S - a wand of polymorph (16)
 U - a wand of flame (17)
Scrolls
 b - 7 scrolls of enchant weapon
 g - 2 scrolls of fog
 j - 2 scrolls of random uselessness
 q - 2 scrolls of noise
 s - a scroll of blinking
 z - 6 scrolls of teleportation
 B - a scroll of amnesia
 C - 6 scrolls of remove curse
 D - 2 scrolls of fear
 G - a scroll of silence
Potions
 d - 3 potions of haste
 e - 2 potions of invisibility
 f - 4 potions of heal wounds
 i - 5 potions of curing
 n - 2 potions of brilliance
 o - 3 potions of flight
 x - a potion of lignification
 E - 2 potions of might
 F - 3 potions of magic
 H - a potion of mutation {unknown}
 J - a potion of resistance
 N - a potion of berserk rage
 P - a potion of agility {unknown}
Miscellaneous
 M - a crystal ball of energy
 R - a lamp of fire (inert)
Comestibles
 c - 18 rations


   Skills:
 + Level 4.0(3.7) Fighting
 + Level 7.2(6.8) Dodging
 * Level 6.4(6.0) Stealth
 + Level 11.5(11.1) Unarmed Combat
 + Level 9.3(8.9) Spellcasting
 - Level 2.2(1.8) Conjurations
 - Level 1.4(1.1) Hexes
 - Level 0.3(0.0) Charms
 - Level 0.2(0.0) Necromancy
 + Level 9.1(8.7) Transmutations
 - Level 1.6(1.3) Ice Magic
 - Level 2.6(2.3) Air Magic
 - Level 4.6(4.2) Poison Magic


You had 6 spell levels left.
You knew the following spells:

 Your Spells              Type           Power        Failure   Level  Hunger
a - Spider Form           Tmut/Pois      ####......   21%         3    None
b - Sticks to Snakes      Tmut           #####...     11%         2    None
c - Ice Form              Ice/Tmut       ####....     47%         4    ###....
d - Confusing Touch       Hex            ##....       34%         1    None
e - Blink                 Tloc           N/A          54%         2    None
f - Mephitic Cloud        Conj/Pois/Air  ###.....     43%         3    None
g - Blade Hands           Tmut           #####.....   38%         5    #####..
r - Regeneration          Chrm/Necr      #.........   69%         3    None

Your spell library contained the following spells:

 Spells                   Type           Power        Failure   Level  Hunger
 Magic Dart               Conj           ##..         30%         1    None
 Fireball                 Conj/Fire      ##........   99%         5    #####..
 Apportation              Tloc           #.....       43%         1    None
 Conjure Flame            Conj/Fire      ##......     61%         3    None
 Slow                     Hex            ##......     43%         2    None
 Confuse                  Hex            ##......     58%         3    None
 Throw Flame              Conj/Fire      ##....       43%         2    None
 Summon Small Mammal      Summ           #...         43%         1    None
 Iskenderun's Mystic Bla  Conj           ##......     80%         4    ###....
 Animate Dead             Necr           N/A          94%         4    ###....
 Pain                     Necr           #...         43%         1    None
 Animate Skeleton         Necr           N/A          43%         1    None
 Vampiric Draining        Necr           #.........   69%         3    None
 Sticky Flame             Conj/Fire      ##......     88%         4    ###....
 Ozocubu's Armour         Chrm/Ice       ##......     63%         3    None
 Call Imp                 Summ           #.......     54%         2    None
 Tukima's Dance           Hex            ##......     58%         3    None
 Stone Arrow              Conj/Erth      ##....       61%         3    None
 Flame Tongue             Conj/Fire      ##...        36%         1    None
 Passwall                 Tmut/Erth      ###.......   22%         2    None
 Ensorcelled Hibernation  Hex/Ice        ##....       43%         2    None
 Metabolic Englaciation   Hex/Ice        ##........   98%         5    #####..
 Corona                   Hex            ##.....      34%         1    None
 Lee's Rapid Deconstruct  Erth           #.........   99%         5    #####..
 Sandblast                Erth           #.....       43%         1    None
 Excruciating Wounds      Chrm/Necr      #.........   99%         5    #####..
 Petrify                  Tmut/Erth      ###.....     54%         4    ###....
 Darkness                 Hex            ##........   100%        6    ######.
 Shroud of Golubria       Chrm/Tloc      #.........   54%         2    None
 Inner Flame              Hex/Fire       ##......     65%         3    None
 Beastly Appendage        Tmut           #####.       10%         1    None
 Fulminant Prism          Conj/Hex       ##........   83%         4    ###....
 Dazzling Spray           Conj/Hex       ##....       54%         3    None
 Force Lance              Conj/Tloc      ##......     88%         4    ###....
 Infusion                 Chrm           #...         43%         1    None
 Song of Slaying          Chrm           #.......     54%         2    None
 Spectral Weapon          Hex/Chrm       ##......     65%         3    None
 Searing Ray              Conj           ##....       36%         2    None
 Summon Guardian Golem    Hex/Summ       ##......     65%         3    None
 Gell's Gravitas          Tloc           #.........   69%         3    None
 Yara's Violent Unravell  Hex/Tmut       ####......   75%         5    #####..


Dungeon Overview and Level Annotations

Branches:
Dungeon (13/15)            Temple (0/1) D:7            Lair (0/6) D:9
    Orc (0/2) D:9
 Vaults: D:13-14

Altars:
Ashenzari
Cheibriados
Dithmenos
Elyvilon
Fedhas
Makhleb
Nemelex Xobeh
Ru
Sif Muna
Trog
Uskayaw
Vehumet
Wu Jian
Xom
Yredelemnul
Zin

Shops:
D:4 =   D:8 :   D:10 :   D:12 (


Innate Abilities, Weirdness & Mutations

You can breathe wild blasts of lightning.
Your glossy black scales are hard. (AC +8)
You cannot fit into any form of body armour.
You are resistant to electric shocks. (rElec)
You are cold-blooded and may be slowed by cold attacks.


Message History

Press: ? - help, Dir - move target cursor You are very lightly contaminated with residual magic.
As you read the scroll of blinking, it crumbles to dust.
You feel sick.
Evoke which item? (* to show all) (? for menu, Esc to quit)
Okay, then.
As you read the scroll of teleportation, it crumbles to dust.
You feel strangely unstable.
You feel the power of the Abyss delaying your translocation!
You feel sick.
Your transformation is almost over.
You feel sick.
You feel sick.
You feel sick.
You feel sick.
You feel sick.
A wretched star comes into view.
The wretched star glows turbulently.
The orb of energy hits you!
You die...

#.. #.....#.....#X... #
#...................X..
.*.#.....#.....#....§# .
................ .§.§ ..
#.. #..##..##..# . #
#.##..##..##..##..##..#
#...........z.......z
.#.........5.z{.......§.
....≈..@#≈#...#. .#.#..#
....≈...#.###.#.# # ..§
...≈....#.# §§... #.#..
.......##.. ##.### # ##
....... #.. #.# #.#.#
....≈.. #..# #.. #.###
....≈.. ##.. ##.##.#
......# ##. # ###. ..


You could see a wretched star, 2 wights and an ufetubus.

Vanquished Creatures
  A hydra (D:12)
  2 centaur warriors
  2 two-headed ogres
  A tengu warrior (D:11)
  Nergalle (D:12)
  A sun demon (Abyss:2)
  A mana viper (Abyss:2)
  An ugly thing (D:11)
  A manticore (D:13)
  An apocalypse crab (Abyss:2)
  The ghost of Ratty the Ruffian, a novice DrTm (D:5)
  A smoke demon (Abyss:2)
  An ancient zyme (Abyss:2)
  6 trolls
  A hornet (D:9)
  3 slime creatures (D:13)
  4 hippogriffs
  2 large abominations (Abyss:2)
  2 flying skulls (Abyss:2)
  A ynoxinul (Abyss:2)
  2 shadows
  8 yaks
  2 wraiths (D:12)
  4 wyverns
  A water elemental (D:12)
  A basilisk (D:9)
  2 hogs (D:7)
  A human (D:7)
  A hungry ghost (D:10)
  Menkaure (D:7)
  3 wargs (D:9)
  A sky beast (D:7)
  A swamp drake (D:9)
  12 orc warriors
  2 black bears (D:10)
  An eye of draining (D:13)
  4 ice beasts
  A black bear (shapeshifter) (D:12)
  5 ogres
  A phantom (D:9)
  5 centaurs
  2 crocodiles (D:9)
  2 big kobolds
  An elf zombie (Ossuary)
  3 bullfrogs
  6 scorpions
  5 killer bees (D:9)
  9 wights
  4 howler monkeys
  5 crimson imps
  4 quasits
  3 bullfrog zombies
  4 human zombies (Ossuary)
  4 centaur skeletons
  6 hounds
  A hound (shapeshifter) (D:9)
  3 jellies
  8 centaur zombies
  7 orc priests
  Crazy Yiuf (D:4)
  2 bullfrog skeletons
  Jessica (D:2)
  Ijyb (D:3)
  Natasha (twice) (D:4)
  2 iguanas
  11 orc wizards
  7 worker ants
  A small abomination (Abyss:2)
  2 hound zombies
  A hound skeleton (D:11)
  3 mummies (Ossuary)
  A worker ant zombie (D:11)
  A howler monkey zombie (D:9)
  6 gnolls
  9 adders
  3 shadow imps
  A white imp (Abyss:2)
  3 oozes
  An adder skeleton (D:7)
  An adder zombie (D:6)
  A worm (D:4)
  A dart slug (D:3)
  7 leopard geckos
  25 orcs
  4 bats
  2 giant cockroaches
  11 goblins
  8 hobgoblins
  8 jackals
  5 quokkas
  3 ball pythons (D:2)
  5 frilled lizards
  A giant cockroach zombie (D:6)
  A goblin zombie (D:6)
  30 kobolds
  2 leopard gecko skeletons
  A quokka skeleton (D:9)
  7 rats
  A rat zombie (D:6)
353 creatures vanquished.

Vanquished Creatures (collateral kills)
  2 adders (D:2)
  A worm (D:2)
  A hobgoblin (D:2)
4 creatures vanquished.

Vanquished Creatures (others)
  13 starspawn tentacles (Abyss:2)
13 creatures vanquished.

Grand Total: 370 creatures vanquished

Notes
Turn   | Place    | Note
-------+----------+-------------------------------------------
     0 | D:1      | emperorscorpion the Draconian Transmuter began the quest for the Orb.
     0 | D:1      | Reached XP level 1. HP: 16/16 MP: 3/3
   296 | D:1      | Reached XP level 2. HP: 23/23 MP: 3/5
   960 | D:2      | Learned a level 2 spell: Sticks to Snakes
   962 | D:2      | Noticed Jessica
   971 | D:2      | Killed Jessica
   971 | D:2      | Reached XP level 3. HP: 8/28 MP: 6/6
  1406 | D:2      | Reached XP level 4. HP: 35/35 MP: 4/7
  1637 | D:2      | Reached skill level 4 in Unarmed Combat
  2043 | D:2      | Found a deep blue altar of Sif Muna.
  2056 | D:2      | Became a worshipper of Sif Muna the Loreminder
  2348 | D:2      | Found a basalt altar of Yredelemnul.
  2349 | D:2      | Found a hide-covered altar of Uskayaw.
  2517 | D:3      | Noticed Ijyb
  2558 | D:3      | Killed Ijyb
  2558 | D:3      | Reached XP level 5. HP: 24/40 MP: 8/8
  2787 | D:3      | Learned a level 3 spell: Spider Form
  3997 | D:4      | Found a shimmering altar of Xom.
  3998 | D:4      | Found an ornate altar of the Wu Jian Council.
  3998 | D:4      | Found a white marble altar of Elyvilon.
  3998 | D:4      | Found a snail-covered altar of Cheibriados.
  3999 | D:4      | Found a shattered altar of Ashenzari.
  3999 | D:4      | Found a sacrificial altar of Ru.
  4000 | D:4      | Found a bloodstained altar of Trog.
  4011 | D:4      | Found Coimuaw's Jewellery Boutique.
  4037 | D:4      | Found a shadowy altar of Dithmenos.
  4334 | D:4      | Reached XP level 6. HP: 40/47 MP: 8/10
  4336 | D:4      | Reached skill level 1 in Stealth
  4336 | D:4      | Reached skill level 5 in Unarmed Combat
  4336 | D:4      | Reached skill level 1 in Poison Magic
  4386 | D:4      | Noticed Natasha
  4409 | D:4      | Killed Natasha
  4531 | D:4      | Noticed Natasha
  4540 | D:4      | Killed Natasha
  4784 | D:4      | Found a glowing silver altar of Zin.
  4902 | D:4      | Found a runed door.
  4908 | D:4      | Noticed Crazy Yiuf
  4913 | D:4      | Killed Crazy Yiuf
  5022 | D:5      | Entered Level 5 of the Dungeon
  5049 | D:5      | Your scales start taking on a glossy black colour.
  5049 | D:5      | Reached XP level 7. HP: 53/53 MP: 11/11
  5049 | D:5      | Gained mutation: You are resistant to electric shocks. (rElec) [Black Draconian growth]
  5071 | D:5      | Found a deep blue altar of Sif Muna.
  5406 | D:5      | Noticed Ratty's ghost (novice DrTm)
  5444 | D:5      | Killed Ratty's ghost
  5444 | D:5      | Reached skill level 6 in Unarmed Combat
  5661 | D:5      | Learned a level 3 spell: Regeneration
  5666 | D:5      | Learned a level 4 spell: Ice Form
  5823 | D:5      | Reached XP level 8. HP: 61/61 MP: 9/13
  5856 | D:5      | Reached * piety under Sif Muna
  6282 | D:6      | Reached skill level 7 in Unarmed Combat
  6362 | D:6      | Noticed a hippogriff
  6376 | D:6      | Killed a hippogriff
  6400 | D:6      | Found a sand-covered staircase.
  6408 | Ossuary  | Entered an ossuary
  6925 | Ossuary  | Reached skill level 8 in Unarmed Combat
  6935 | Ossuary  | Reached skill level 5 in Transmutations
  7098 | D:6      | Reached XP level 9. HP: 67/67 MP: 11/15
  7128 | D:6      | Found a blossoming altar of Fedhas.
  7876 | D:7      | Reached ** piety under Sif Muna
  8051 | D:7      | Reached skill level 5 in Spellcasting
  8057 | D:7      | Reached skill level 5 in Dodging
  8065 | D:7      | Reached skill level 9 in Unarmed Combat
  8466 | D:7      | Noticed Menkaure
  8477 | D:7      | Killed Menkaure
  8802 | D:7      | Found a burning altar of Makhleb.
  8877 | D:7      | Found a sparkling altar of Nemelex Xobeh.
  8966 | D:7      | Found a staircase to the Ecumenical Temple.
  9557 | D:8      | Reached XP level 10. HP: 67/73 MP: 18/18
 10010 | D:8      | Noticed a two-headed ogre
 10023 | D:8      | Killed a two-headed ogre
 10219 | D:8      | Learned a level 1 spell: Confusing Touch
 10275 | D:8      | Reached skill level 10 in Unarmed Combat
 10319 | D:8      | Found a radiant altar of Vehumet.
 10585 | D:8      | Found Gyzeyfue's Book Shoppe.
 10588 | D:8      | Bought a book of Minor Magic for 280 gold pieces
 10591 | D:8      | Learned a level 2 spell: Blink
 10794 | D:9      | Found a staircase to the Orcish Mines.
 10829 | D:9      | Reached *** piety under Sif Muna
 12388 | D:9      | Found a staircase to the Lair.
 12553 | D:10     | Entered Level 10 of the Dungeon
 12688 | D:10     | Noticed a two-headed ogre
 12714 | D:9      | Killed a two-headed ogre
 12714 | D:9      | Reached XP level 11. HP: 17/81 MP: 21/21
 13131 | D:10     | Found Fiema's Book Boutique.
 13213 | D:10     | Noticed a centaur warrior
 13232 | D:10     | Killed a centaur warrior
 13232 | D:10     | Reached skill level 5 in Stealth
 13232 | D:10     | Reached skill level 1 in Hexes
 13486 | D:10     | Reached skill level 11 in Unarmed Combat
 14012 | D:11     | Noticed a tengu warrior
 14033 | D:11     | HP: 3/97 [tengu warrior/dire flail (20)]
 14035 | D:11     | Killed a tengu warrior
 14313 | D:11     | Reached skill level 1 in Ice Magic
 14476 | D:11     | Reached **** piety under Sif Muna
 14712 | D:11     | Noticed a cyan ugly thing
 14748 | D:11     | Killed a cyan ugly thing
 15621 | D:12     | Identified a scroll of acquirement
 16152 | D:12     | Found a flagged portal.
 16168 | Bailey   | Entered a bailey
 16187 | Bailey   | Learned a level 3 spell: Mephitic Cloud
 16271 | Bailey   | Reached skill level 1 in Air Magic
 16286 | Bailey   | Reached skill level 1 in Conjurations
 16836 | D:12     | Noticed a six-headed hydra
 16850 | D:12     | Killed a six-headed hydra
 16896 | D:12     | Reached ***** piety under Sif Muna
 17044 | D:12     | Noticed an orb spider
 17060 | D:12     | an orb spider changed into a black bear
 17142 | D:12     | Identified Sif Muna's Collected Works on Enthralling Enhancements (Sif Muna gifted it to you on level 12 of the Dungeon)
 17142 | D:12     | Received a gift from Sif Muna
 17142 | D:12     | Reached XP level 12. HP: 48/89 MP: 23/23
 17817 | D:12     | Found Ushipnuss's Weapon Boutique.
 17824 | D:12     | Noticed Nergalle
 17849 | D:12     | Killed Nergalle
 18081 | D:13     | Noticed a four-headed hydra
 18878 | D:13     | Noticed a centaur warrior
 18901 | D:13     | Killed a centaur warrior
 19067 | D:13     | Cast into level 2 of the Abyss (a wizard)
 19074 | Abyss:2  | Found a corrupted altar of Lugonu.
 19103 | Abyss:2  | Got a dazzling glaive
 19104 | Abyss:2  | Identified the +0 glaive of Wyrd {flame, +Inv rElec Str-2} (You found it on level 2 of the Abyss)
 19234 | Abyss:2  | Paralysed by you for 5 turns
 19467 | Abyss:2  | Noticed a starcursed mass
 19548 | Abyss:2  | Noticed an Executioner
 19705 | Abyss:2  | Learned a level 5 spell: Blade Hands
 19733 | Abyss:2  | Noticed a tentacled starspawn
 19786 | Abyss:2  | Noticed a great orb of eyes
 19786 | Abyss:2  | Noticed a tentacled starspawn
 19805 | Abyss:2  | Found a snail-covered altar of Cheibriados.
 19935 | Abyss:2  | Noticed a starcursed mass
 19947 | Abyss:2  | Noticed a starcursed mass
 19957 | Abyss:2  | Noticed a hell hog
 20061 | Abyss:2  | Noticed a bone dragon
 20120 | Abyss:2  | Killed from afar by a wretched star

Vault maps used:
D:1:      lemuel_arrival_cross
D:2:      old_standard_altar, gammafunk_temple_overflow_pools,
          minmay_misc_feat_chi, uniq_jessica
D:3:      uniq_ijyb
D:4:      grunt_temple_overflow_open, nicolae_overflow_hidden_temple,
          grunt_dithmenos_smoke, serial_shops, shop, uniq_natasha,
          uniq_crazy_yiuf_cottage
D:5:      first_ration, basic_altar, kennysheep_generic_room_11
D:6:      kennysheep_little_box, enter_ossuary_4, fountainhead,
          dk_noncrumbling_4
D:7:      lemuel_round_altar, minmay_temple_entry_nine_rooms, grunt_livestock,
          makhleb_heckhound_becter, uniq_menkaure
D:8:      vehumet_crystals, serial_shops, kennysheep_mini,
          minmay_misc_feat_diagonals, minivault_24
D:9:      erik_lair_dragon, minmay_orc_entry_guard_dogs, kennysheep_island_fort
D:10:     serial_shops, shop
D:12:     enter_bailey_3, serial_shops, shop, uniq_nergalle
D:13:     grunt_vaults_entry_tiered, lightli_airlock
Abyss:2:  due_exit_kobolds
Ossuary:  ossuary_minmay_four_chambers
Bailey:   bailey_axe_4, bailey

Skill      XL: |  1  2  3  4  5  6  7  8  9 10 11 12 |
---------------+-------------------------------------+-----
Dodging        | 2 3 4 5 6 7 |  7.2
Unarmed Combat | 4 5 6 8 9 10 11 | 11.5
Transmutations | 3 5 6 7 8 9 |  9.1
Stealth        | 1 2 4 5 6 |  6.4
Spellcasting   | 3 4 5 7 9 |  9.3
Poison Magic   | 1 2 3 4 |  4.6
Fighting       | 2 3 4 |  4.0
Hexes          | 1 |  1.4
Ice Magic      | 1 |  1.6
Air Magic      | 2 |  2.6
Conjurations   | 2 |  2.2
Charms         | |  0.3
Necromancy     | |  0.2

Action                   |  1- 3 |  4- 6 |  7- 9 | 10-12 || total
-------------------------+-------+-------+-------+-------++-------
Melee: Unarmed           |    77 |   237 |   471 |   828 ||  1613
       Tailslap          |    12 |    19 |    30 |    37 ||    98
       Kick              |     3 |       |       |       ||     3
       Headbutt          |     2 |       |       |       ||     2
       Punch             |       |     4 |     8 |    16 ||    28
 Cast: Beastly Appendage |    13 |       |       |       ||    13
       Sticks to Snakes  |     2 |     3 |       |     5 ||    10
       Spider Form       |       |    14 |    25 |    33 ||    72
       Confusing Touch   |       |       |       |    70 ||    70
       Ice Form          |       |       |       |    30 ||    30
       Regeneration      |       |       |       |    39 ||    39
       Mephitic Cloud    |       |       |       |     3 ||     3
       Blink             |       |       |       |     6 ||     6
       Blade Hands       |       |       |       |     3 ||     3
 Abil: Breathe Lightning |       |       |     1 |       ||     1
       End Transformatio |       |       |       |     1 ||     1
Evoke: Wand              |       |       |       |     4 ||     4
       Lamp of fire      |       |       |       |     1 ||     1
  Use: Scroll            |     4 |     8 |       |    22 ||    34
       Potion            |       |       |       |     1 ||     1
 Stab: Sleeping          |       |     2 |     5 |    11 ||    18
       Confused          |       |       |       |    53 ||    53
       Distracted        |       |       |       |     1 ||     1
  Eat: Chunk             |     2 |    13 |    15 |    29 ||    59
       Ration            |       |       |     1 |     4 ||     5
Armor: Skin              |    23 |    50 |   128 |   188 ||   389
Dodge: Dodged            |    44 |   132 |   329 |   573 ||  1078

Table legend:
 A = Spawn XP
 B = Non-spawn XP
 C = Spawn XP percentage of total XP
 D = Spawn monster count
 E = Non-spawn monster count
 F = Spawn count percentage of total count
 G = Total turns spent on level
                    A         B        C        D         E        F      G
               +---------+---------+-------+---------+---------+-------+---------
         Total |    4188 |   27204 |  13.3 |      12 |     345 |   3.4 | 20120
               +---------+---------+-------+---------+---------+-------+---------
           D:1 |       0 |      35 |   0.0 |       0 |      16 |   0.0 |  1149
           D:2 |       0 |     137 |   0.0 |       0 |      28 |   0.0 |  1312
           D:3 |       0 |     115 |   0.0 |       0 |      20 |   0.0 |  1455
           D:4 |       0 |     440 |   0.0 |       0 |      14 |   0.0 |  1106
           D:5 |       0 |     789 |   0.0 |       0 |      14 |   0.0 |   997
           D:6 |       0 |     959 |   0.0 |       0 |      24 |   0.0 |  1148
           D:7 |       0 |    2148 |   0.0 |       0 |      24 |   0.0 |  1496
           D:8 |       0 |    1577 |   0.0 |       0 |      18 |   0.0 |  1462
           D:9 |       0 |    4223 |   0.0 |       0 |      41 |   0.0 |  2088
          D:10 |       0 |    2670 |   0.0 |       0 |      29 |   0.0 |  1158
          D:11 |       0 |    4630 |   0.0 |       0 |      34 |   0.0 |  1489
          D:12 |       0 |    3928 |   0.0 |       0 |      21 |   0.0 |  2430
          D:13 |       0 |    4024 |   0.0 |       0 |      18 |   0.0 |   663
       Abyss:2 |    4188 |      66 |  98.4 |      12 |       2 |  85.7 |  1053
       Ossuary |       0 |     636 |   0.0 |       0 |      15 |   0.0 |   581
        Bailey |       0 |     827 |   0.0 |       0 |      27 |   0.0 |   533
               +---------+---------+-------+---------+---------+-------+---------
